Map: Persephone LE

Players

Serral - Winner!

  • Race: Zerg Zerg
  • Spawn Location: 11:00

Cure

  • Race: Terran Terran
  • Spawn Location: 7:00

Event: Esports World Cup 2025

VOD

Have the link to the VOD?

Description

Time

  • Played on: July 25, 2025, 7:36 a.m.
  • Length: 26:29

All games in this series

Show
View Real Time Build Order
Export as new Build Order

Serral Zerg - Winner!

Build Orders: Hatch First, Lurkers 

Get SALT Encoding   

  12  0:00  Drone  
  13  0:07  Drone  
  14  0:14  Drone, Extractor  
  15  0:21  Overlord  
  15  0:40  Drone  
  16  0:45  Hatchery  
  16  0:49  Drone  
  16  0:53  Drone  
  16  0:57  Drone  
  18  1:07  Extractor  
  17  1:11  Spawning Pool  
  17  1:15  Drone  
  17  1:18  Drone  
  18  1:26  Drone  
  19  1:37  Drone  
  20  1:48  Drone  
  21  1:58  Queen x2  
  21  1:59  Zergling x4  
  27  2:09  Overlord  
  27  2:11  Drone  
  27  2:12  Metabolic Boost  
  28  2:28  Drone  
  28  2:29  Drone  
  30  2:33  Queen  
  30  2:34  Drone x2  
  34  2:47  Hatchery  
  34  2:49  Overlord  
  33  2:54  Drone x2  
  33  2:57  Drone  
  36  3:06  Overlord  
  36  3:09  Drone  
  36  3:10  Drone x3  
  36  3:11  Drone  
  41  3:15  Drone x2  
  43  3:23  Queen  
  45  3:27  Queen  
  47  3:35  Overlord  
  47  3:37  Zergling x2  
  47  3:38  Zergling x4  
  50  3:42  Drone x2  
  50  3:47  Overlord  
  52  3:53  Drone x4  
  52  3:54  Drone  
  57  3:58  Drone  
  57  3:59  Roach Warren  
  57  4:02  Queen  
  57  4:06  Drone x2  
  61  4:10  Overlord  
  61  4:11  Zergling x2  
  61  4:16  Drone x3  
  65  4:19  Overlord  
  65  4:21  Drone x2  
  67  4:26  Lair  
  67  4:29  Drone  
  68  4:32  Drone x2  
  68  4:36  Zergling x4  
  72  4:38  Overlord  
  72  4:39  Drone  
  72  4:41  Spore Crawler  
  72  4:44  Drone x4  
  76  4:47  Overlord  
  76  4:49  Drone x2  
  78  4:56  Hatchery  
  78  4:59  Drone x2, Extractor, Spore Crawler  
  77  5:00  Extractor  
  77  5:01  Drone  
  77  5:07  Zergling x6, Evolution Chamber  
  77  5:12  Drone x3  
  81  5:14  Drone x3  
  81  5:15  Drone  
  85  5:22  Drone x4  
  85  5:23  Drone  
  85  5:27  Evolution Chamber  
  85  5:28  Overseer  
  89  5:29  Drone, Evolution Chamber  
  89  5:31  Extractor  
  89  5:32  Extractor  
  89  5:33  Extractor  
  89  5:35  Drone x2  
  89  5:36  Glial Reconstitution  
  89  5:41  Roach, Infestation Pit  
  89  5:42  Roach x2  
  94  5:51  Overlord  
  94  5:53  Drone  
  94  5:54  Drone x3  
  98  5:58  Zerg Ground Armor Level 1  
  98  6:00  Drone x4  
  103  6:04  Drone x3  
  103  6:05  Drone  
  103  6:09  Zerg Melee Weapons Level 1  
  103  6:10  Overlord  
  106  6:13  Drone x2  
  106  6:16  Baneling Nest  
  106  6:18  Drone x3, Extractor  
  110  6:20  Hive  
  110  6:22  Roach x3  
  115  6:26  Zergling x2  
  115  6:28  Overlord  
  116  6:33  Drone, Hatchery  
  116  6:35  Roach x2  
  116  6:36  Overseer, Overlord  
  120  6:40  Overlord  
  120  6:42  Roach x4  
  120  6:46  Overlord  
  128  6:47  Overlord  
  128  6:50  Zergling x2  
  128  6:51  Zergling x10  
  134  6:54  Overseer  
  134  6:55  Overlord  
  134  6:58  Overlord  
  134  6:59  Centrifugal Hooks  
  134  7:04  Ravager x2  
  134  7:06  Zergling x20  
  146  7:09  Drone  
  146  7:13  Overlord  
  146  7:15  Ravager x3  
  150  7:17  Zergling x10  
  150  7:21  Zergling x2  
  156  7:26  Zergling x14  
  159  7:30  Zergling x8  
  161  7:37  Viper x2  
  161  7:38  Adrenal Glands  
  167  7:45  Overlord x2  
  167  7:46  Overlord, Baneling x4  
  167  7:47  Baneling x6  
  167  7:48  Zergling x10  
  172  7:53  Zergling x4  
  172  7:58  Zerg Ground Armor Level 2  
  174  8:03  Hatchery, Spore Crawler  
  174  8:05  Zergling x14  
  179  8:13  Zerg Melee Weapons Level 2  
  179  8:17  Hydralisk Den  
  178  8:23  Zergling x2  
  178  8:24  Zergling x24  
  190  8:30  Baneling x16  
  189  8:36  Zergling x16  
  196  8:45  Viper  
  194  8:53  Zergling x28  
  195  8:57  Hatchery  
  195  8:59  Muscular Augments  
  193  9:05  Hatchery  
  193  9:09  Zergling x14  
  197  9:14  Baneling x7  
  193  9:29  Zergling x40  
  183  9:45  Drone x2  
  183  9:50  Hydralisk x4  
  183  9:51  Zergling x18  
  197  9:55  Spore Crawler  
  197  9:56  Hatchery  
  191  10:02  Hatchery  
  191  10:03  Grooved Spines  
  183  10:09  Drone  
  183  10:10  Overlord x3  
  183  10:11  Overlord  
  183  10:13  Overlord x2  
  181  10:15  Overlord  
  181  10:19  Hatchery  
  179  10:24  Hydralisk x5  
  187  10:33  Hatchery, Baneling x7  
  185  10:43  Hydralisk x3  
  185  10:44  Zergling x20  
  200  10:53  Zerg Ground Armor Level 3, Zerg Missile Weapons Level 1  
  200  10:57  Lurker Den, Extractor  
  200  10:59  Drone x2  
  200  11:03  Infestor x2  
  199  11:04  Baneling x8  
  199  11:24  Hatchery  
  198  11:28  Drone, Baneling x8  
  198  11:30  Burrow, Overseer  
  199  11:33  Drone  
  199  11:38  Nydus Network  
  199  11:42  Lair  
  199  11:43  Spawning Pool  
  199  11:45  Hydralisk x4  
  199  11:46  Zergling x4, Hydralisk Den  
  198  11:53  Zergling x12  
  199  11:55  Seismic Spines  
  173  12:03  Zergling x28  
  172  12:09  Zergling x28  
  172  12:14  Drone  
  187  12:20  Lurker x8  
  195  12:28  Overseer  
  195  12:34  Lurker  
  196  12:42  Nydus Canal  
  195  12:49  Hatchery  
  195  12:50  Zergling x8  
  195  12:51  Zergling x4  
  200  12:52  Adaptive Talons  
  198  13:00  Nydus Canal  
  198  13:06  Zergling x4  
  194  13:22  Lurker x6  
  200  13:31  Hydralisk x5  
  200  13:32  Zergling x10  
  200  13:38  Hydralisk x3  
  188  13:46  Extractor  
  188  13:47  Extractor  
  188  13:48  Drone x3  
  188  13:49  Drone x3  
  188  13:54  Zergling x2  
  188  13:55  Zergling x14  
  199  14:01  Overseer  
  197  14:08  Drone  
  197  14:09  Drone x2  
  195  14:10  Spore Crawler  
  195  14:12  Nydus Canal  
  195  14:13  Zergling x18  
  199  14:25  Baneling x6  
  199  14:30  Zerg Missile Weapons Level 2  
  199  14:31  Zerg Melee Weapons Level 3  
  199  14:39  Nydus Canal  
  198  14:49  Hatchery  
  196  14:57  Hydralisk x11  
  196  14:58  Nydus Network  
  194  15:01  Hydralisk  
  194  15:02  Hydralisk, Zergling x10  
  179  15:08  Overseer  
  179  15:09  Zergling x4  
  179  15:10  Zergling x10  
  183  15:18  Lurker x4  
  183  15:19  Drone x3  
  190  15:23  Drone x2  
  190  15:24  Drone x2  
  190  15:28  Hydralisk x2  
  194  15:35  Lurker  
  199  15:47  Overseer  
  199  15:52  Zergling x2  
  194  15:58  Lurker x5  
  198  16:07  Zergling x4  
  200  16:12  Infestor  
  200  16:14  Hatchery  
  198  16:20  Hydralisk x2  
  198  16:27  Viper  
  198  16:29  Nydus Canal  
  199  16:42  Hydralisk x2, Zergling x2  
  199  16:45  Nydus Canal  
  197  16:48  Infestor  
  197  16:56  Hydralisk x5  
  190  17:09  Zergling x18  
  190  17:13  Lurker x2  
  199  17:18  Baneling x11  
  199  17:19  Baneling x2  
  197  17:37  Hydralisk  
  197  17:38  Zergling x2  
  197  17:39  Hydralisk Den  
  193  17:47  Drone  
  193  17:48  Drone x4  
  193  17:49  Spore Crawler  
  193  17:50  Drone x3  
  199  17:51  Baneling x6  
  199  17:52  Zergling x10, Baneling  
  199  17:57  Drone  
  194  18:07  Hydralisk x2  
  194  18:08  Zergling x6  
  190  18:17  Pneumatized Carapace  
  190  18:18  Overseer  
  181  18:22  Drone  
  181  18:24  Spore Crawler  
  181  18:26  Baneling x4  
  181  18:30  Zergling x36  
  181  18:31  Nydus Canal  
  199  18:35  Zerg Missile Weapons Level 3  
  199  18:37  Spire  
  199  18:40  Drone x2  
  197  18:43  Drone x2  
  198  18:52  Hatchery  
  198  18:54  Nydus Canal  
  191  18:56  Hydralisk  
  191  18:57  Hydralisk x3, Zergling x2  
  200  19:05  Hatchery  
  200  19:07  Zergling x6  
  199  19:14  Spawning Pool  
  189  19:21  Zergling x20  
  194  19:31  Hydralisk x2  
  189  19:32  Zergling x6  
  189  19:35  Drone x2  
  180  19:46  Viper x4  
  180  19:50  Lurker  
  180  19:51  Lurker x3  
  194  20:00  Hydralisk x2  
  194  20:01  Zergling x8  
  184  20:12  Lurker x2, Hydralisk  
  184  20:13  Hydralisk x2  
  191  20:16  Unknown  
  191  20:24  Hydralisk x3  
  195  20:35  Hydralisk x2  
  186  20:36  Zergling x8  
  194  20:43  Hydralisk x3  
  192  21:00  Hydralisk x3  
  191  21:05  Hatchery  
  191  21:08  Hatchery  
  189  21:14  Hydralisk x5  
  196  21:39  Hatchery  
  193  21:42  Zergling x22  
  193  21:45  Overseer  
  198  21:50  Zerg Flyer Weapons Level 1  
  185  22:00  Zergling x32  
  184  22:04  Hydralisk  
  173  22:11  Hydralisk  
  173  22:12  Zergling x2  
  164  22:19  Lurker x4  
  145  22:44  Lurker  
  145  22:45  Lurker  
  141  23:03  Hydralisk  
  141  23:05  Hatchery  
  140  23:06  Viper  
  140  23:07  Lurker  
  144  23:15  Hydralisk  
  146  23:28  Hydralisk x3  
  146  23:32  Drone  
  149  23:42  Hydralisk x3  
  149  23:46  Infestor  
  156  23:49  Drone  
  156  23:50  Drone  
  156  23:52  Drone  
  159  24:08  Hydralisk x3  
  165  24:17  Hydralisk x2, Zergling x2  
  154  24:32  Hydralisk x3  
  154  24:33  Hydralisk  
  151  24:50  Hydralisk x2  
  126  25:04  Hydralisk  
  126  25:05  Hydralisk x2  
  130  25:14  Zergling x4  
  129  25:17  Infestor  
  129  25:32  Zergling x12  
  135  25:40  Lurker  
  136  25:48  Zergling x10  
  133  26:02  Zergling x12  
Show
View Real Time Build Order
Export as new Build Order

Cure Terran 

Build Orders: Liberator Opening, Reaper Expand 

Get SALT Encoding   

  12  0:00  SCV  
  13  0:12  SCV  
  14  0:16  Supply Depot  
  14  0:24  SCV  
  15  0:38  SCV  
  15  0:39  Barracks  
  15  0:42  Refinery  
  16  0:50  SCV  
  17  1:02  SCV  
  18  1:14  SCV  
  19  1:26  Orbital Command, Reaper  
  20  1:37  Command Center  
  20  1:45  Supply Depot  
  20  1:52  SCV  
  21  1:57  Marine  
  22  2:04  SCV  
  23  2:08  Factory  
  23  2:16  SCV  
  23  2:20  Barracks Reactor  
  24  2:28  SCV  
  25  2:40  SCV  
  25  2:41  Command Center  
  26  2:50  Orbital Command  
  26  2:52  SCV  
  27  3:00  Starport  
  27  3:05  SCV  
  28  3:09  Hellion  
  28  3:11  Hellion  
  32  3:16  Refinery, SCV  
  32  3:18  SCV  
  34  3:20  Barracks Tech Lab  
  34  3:28  SCV  
  34  3:30  SCV  
  34  3:33  Hellion x2  
  40  3:40  SCV  
  41  3:42  SCV  
  41  3:45  Marine  
  41  3:46  Liberator  
  46  3:53  Orbital Command, SCV  
  46  3:54  SCV  
  48  3:59  Supply Depot  
  48  4:00  Hellion  
  48  4:01  Hellion  
  52  4:05  SCV  
  52  4:06  SCV  
  52  4:09  Barracks Tech Lab  
  54  4:17  SCV  
  54  4:19  SCV  
  54  4:21  Hellion, Orbital Command  
  54  4:22  Supply Depot  
  54  4:23  Hellion  
  60  4:28  Marine  
  60  4:29  Stimpack, SCV  
  60  4:31  SCV  
  63  4:39  Starport Reactor  
  63  4:41  SCV  
  63  4:43  SCV  
  65  4:46  Marine  
  65  4:50  Refinery, Barracks  
  65  4:51  Barracks  
  65  4:52  SCV  
  67  4:53  SCV  
  67  4:55  Refinery, SCV  
  67  4:56  Engineering Bay  
  67  4:57  Engineering Bay  
  69  5:03  Siege Tank  
  69  5:04  Marine, SCV  
  69  5:05  SCV  
  75  5:09  SCV  
  76  5:16  SCV  
  77  5:21  Supply Depot  
  77  5:23  Marine  
  77  5:24  Starport Reactor, SCV  
  77  5:25  Supply Depot  
  77  5:26  SCV  
  77  5:27  Barracks  
  78  5:28  Barracks, SCV  
  78  5:30  Terran Infantry Armor Level 1, Terran Infantry Weapons Level 1  
  78  5:36  SCV  
  78  5:38  SCV  
  78  5:39  Marine x2  
  78  5:40  SCV  
  83  5:43  Marine  
  83  5:44  Siege Tank  
  83  5:48  Supply Depot, SCV  
  88  5:50  Supply Depot  
  88  5:53  Marine, SCV x2  
  91  6:00  Marine x3, SCV  
  95  6:05  SCV x2  
  95  6:08  Combat Shield  
  95  6:09  Marine  
  98  6:14  SCV  
  98  6:15  Supply Depot, Medivac x2  
  98  6:17  SCV x2  
  105  6:22  Marine x4  
  105  6:24  Refinery  
  105  6:25  Supply Depot  
  109  6:26  Supply Depot  
  109  6:29  Barracks Reactor x2, Siege Tank  
  112  6:38  SCV x2, Armory  
  112  6:39  SCV  
  115  6:42  Marine x5  
  120  6:58  Medivac x2  
  120  7:00  Supply Depot, Marine x5  
  129  7:08  Marine x4  
  129  7:10  Supply Depot, Siege Tank  
  136  7:17  Marine x2  
  136  7:18  Marine x2  
  140  7:23  Command Center, Marine  
  140  7:26  Marine  
  142  7:30  Terran Infantry Armor Level 2, Terran Infantry Weapons Level 2  
  142  7:37  Barracks  
  142  7:38  Barracks x2, SCV x3  
  142  7:40  Concussive Shells  
  145  7:45  Refinery, Supply Depot  
  145  7:47  Marauder  
  145  7:49  Supply Depot  
  148  7:52  Medivac x2  
  151  7:59  Marine x4  
  151  8:00  Marine x2  
  157  8:07  Marauder  
  157  8:08  Marauder  
  161  8:15  Supply Depot  
  161  8:17  Marine x3  
  164  8:22  Medivac x2  
  164  8:24  Supply Depot  
  164  8:25  Supply Depot  
  168  8:29  Marauder  
  168  8:30  Marauder  
  172  8:37  Marine x2, Barracks Tech Lab x3  
  172  8:38  Marine x4  
  172  8:40  SCV x3  
  163  8:50  Marauder  
  163  8:51  Marauder  
  163  8:52  SCV x3  
  163  8:55  Marine x6  
  165  8:58  Marine x3  
  171  9:04  Planetary Fortress  
  171  9:11  Marauder  
  171  9:12  Marauder  
  171  9:13  Marine x2  
  177  9:19  Marine x2  
  177  9:20  Marauder x2  
  176  9:26  Marauder, Marine x2  
  139  9:33  Marauder, Widow Mine, Marine, Medivac x2  
  139  9:34  Marauder, Widow Mine  
  139  9:35  SCV x3  
  154  9:41  Marauder  
  152  9:56  Marauder x2, Marine x5  
  152  9:57  Marauder  
  160  10:01  Widow Mine x2  
  160  10:03  Medivac x2  
  157  10:16  Marauder x2, Marine x4  
  157  10:17  Marine x4  
  157  10:18  Marauder  
  164  10:22  Widow Mine x2  
  166  10:33  Medivac x2  
  166  10:34  Terran Infantry Armor Level 3, Marine x3, Terran Infantry Weapons Level 3  
  173  10:36  Marauder x2  
  173  10:37  Marine x2  
  173  10:38  Marauder  
  181  10:46  Widow Mine  
  181  10:47  Widow Mine  
  185  10:54  Command Center  
  185  11:04  Marauder x2, Marine x4  
  190  11:16  Marine x3  
  190  11:17  Marauder x2  
  197  11:21  Widow Mine  
  197  11:22  Marine  
  200  11:32  Sensor Tower  
  200  11:49  Marine x2  
  200  11:57  Command Center  
  159  12:01  Marine x6  
  159  12:02  Marauder x3, Liberator x2, Widow Mine  
  159  12:03  Widow Mine  
  159  12:07  Marine x2  
  167  12:15  Starport  
  167  12:17  Fusion Core  
  167  12:19  Marine x2  
  167  12:20  Marauder x2, Starport  
  173  12:23  Marauder x2, Marine x3  
  173  12:24  Marine  
  173  12:25  Widow Mine x2  
  173  12:28  SCV x4  
  189  12:33  Marine  
  190  12:37  Marine  
  190  12:40  Marine x3, SCV  
  190  12:41  Marauder x2, Marine  
  200  12:54  Planetary Fortress  
  196  13:04  Liberator  
  197  13:07  Marine  
  197  13:08  Marauder  
  199  13:14  Marine  
  200  13:24  Liberator  
  200  13:34  Marauder x2, Marine x6  
  181  13:47  Barracks Tech Lab x2  
  181  13:48  Liberator, Widow Mine x2  
  183  13:52  Marine x6  
  192  13:56  Marauder x2  
  196  14:06  Caduceus Reactor, Marine  
  196  14:07  Liberator  
  196  14:09  Marine x4  
  196  14:12  Starport Reactor  
  196  14:16  Barracks x2  
  195  14:17  Marauder x2  
  195  14:20  Starport Reactor  
  199  14:24  Marine  
  200  14:34  Orbital Command  
  200  14:37  Command Center  
  198  14:38  Marauder  
  198  14:39  Marauder  
  199  14:56  Marine x2  
  199  14:57  Marauder  
  190  15:00  Marauder x2  
  190  15:02  Advanced Ballistics  
  190  15:03  Marine x4  
  183  15:09  Medivac x2  
  183  15:11  Barracks Tech Lab x2  
  183  15:12  SCV x3  
  183  15:13  SCV  
  183  15:14  Marine x2  
  175  15:18  Marauder, Liberator x2  
  175  15:21  Marauder x2, Liberator  
  192  15:28  Refinery  
  192  15:29  Refinery  
  192  15:33  Liberator  
  195  15:37  Refinery  
  195  15:39  Marauder, Liberator  
  200  15:43  Barracks Tech Lab  
  200  15:52  Liberator  
  195  16:01  Liberator  
  195  16:02  Sensor Tower  
  198  16:05  Missile Turret  
  198  16:10  Liberator  
  199  16:15  Missile Turret  
  199  16:30  Marine  
  200  16:38  Missile Turret  
  193  16:40  Marine x2  
  193  16:41  Marauder x3, Marine x4  
  193  16:42  Liberator  
  199  16:57  Marine x2  
  199  16:58  Marauder, Marine x4  
  199  16:59  Marauder  
  199  17:00  Liberator  
  199  17:02  Marauder  
  199  17:06  Liberator x2  
  199  17:07  Liberator  
  199  17:08  Liberator  
  198  17:09  Widow Mine  
  198  17:14  Marauder, Marine  
  196  17:43  Liberator  
  199  17:45  Refinery  
  196  17:51  Liberator x2  
  196  17:55  Liberator  
  200  18:01  Liberator x2  
  200  18:03  Marauder, Marine x2  
  193  18:16  Marauder x2, Marine x2  
  194  18:23  Planetary Fortress  
  194  18:26  Marauder, Marine x4  
  191  18:44  Marine x4  
  191  18:45  Marauder x2  
  195  19:10  Marine x2  
  195  19:11  Marauder x2  
  200  19:21  Marine x2  
  200  19:22  Marauder  
  200  19:29  Command Center  
  186  19:39  Marauder x2, Marine x4  
  186  19:42  Marine x3  
  186  19:43  Marauder x2  
  198  19:46  Marine  
  199  20:04  Marauder x2, Marine x3  
  179  20:07  Marine x4  
  179  20:08  Marauder x3, Medivac  
  179  20:09  Medivac x2  
  188  20:14  Orbital Command  
  188  20:15  Medivac x2  
  187  20:21  Marine x2  
  187  20:22  Marine  
  187  20:25  Marine  
  187  20:26  Marauder x2  
  191  20:32  Liberator  
  193  20:54  Orbital Command  
  186  21:01  Marine  
  186  21:02  Marauder x2  
  182  21:18  Liberator x2  
  188  21:29  Orbital Command  
  188  21:33  Marine x2  
  188  21:38  Marine  
  191  21:48  Missile Turret  
  188  21:57  Marauder, Marine x3  
  184  22:02  Liberator  
  184  22:05  Orbital Command  
  166  22:09  Marine x2  
  149  22:16  Marine  
  149  22:17  Marauder  
  149  22:20  Marine  
  153  22:24  Marauder  
  155  22:35  Liberator  
  156  22:38  Marine  
  156  22:41  Marine  
  154  22:58  Marauder, Marine x3  
  158  22:59  Marauder  
  165  23:05  Widow Mine x2  
  165  23:07  Marine  
  162  23:26  Marine x3  
  162  23:27  Marauder, Widow Mine x2  
  171  23:39  Marine x2  
  171  23:40  Marauder  
  169  23:50  Marine, Widow Mine x2  
  174  23:59  Marine x2  
  174  24:00  Marauder, Marine  
  179  24:11  Marauder x2, Marine x2  
  182  24:24  Liberator x2  
  153  24:33  Marine x2  
  153  24:34  Marauder  
  125  24:46  Orbital Command  
  125  24:52  Marine x4  
  99  25:38  SCV  
Tags
 
Add a new tag
Caveats
  • Supply blocks, unpowered buildings, or Contaminate may cause inaccurate times.
  • Supply counts are checked every 10 seconds.